[Event "Late-Titled-Tuesday-Blitz-August-29-2023"]
[Site "Chess.com"]
[Date "2023.08.29"]
[Round "1"]
[White "Witik"]
[Black "vladoboch"]
[Result "1-0"]
[WhiteElo "2788"]
[BlackElo "2440"]
[TimeControl "180+1"]
[EndTime "14:07:07 PDT"]
[Termination "Witik won on time"]

1. d4 Nf6 2. Bf4 d6 3. Nf3 g6 4.
h3 Bg7 5. e3 O-O 6. Be2 Nc6 7.
Bh2 Nd7 8. c4 e5 9. Nc3 f5 10.
O-O e4 11. Ne1 Kh8 12. Nc2 g5 13. b4 Ne7 14. Qd2 Ng6 15. c5 Nf6 16. f3 d5 17.
fxe4 dxe4 18. Rad1 Nd5 19. Nxd5 Qxd5 20. Bxc7 Qxa2 21.
d5 Ne5 22. Ra1 Nc4 23. Rxa2 Nxd2 24. Rd1 f4 25. Rxd2 f3 26. Bf1 Bc3 27. Rf2 g4 28.
hxg4 Bxg4 29. gxf3 Bxf3 30. Bg2 Rg8 31. Kf1 Bd1 32. Nd4 Rae8 33. d6 Bh5 34. d7 1-0

[Event "Late-Titled-Tuesday-Blitz-August-29-2023"]
[Site "Chess.com"]
[Date "2023.08.29"]
[Round "1"]
[White "crossingthestreet"]
[Black "JiiHart"]
[Result "0-1"]
[WhiteElo "2524"]
[BlackElo "2119"]
[TimeControl "180+1"]
[EndTime "14:07:07 PDT"]
[Termination "JiiHart won by resignation"]

1. b3 g6 2. Bb2 Nf6 3. Nf3 Bg7 4. e3 d6 5. Be2 O-O 6. O-O e5 7. d4 Nc6 8. c4 exd4 9. exd4 d5 10. Nbd2 Re8 11.
h3 Bf5 12. Ne5 Nxe5 13. dxe5 Ne4 14. Nf3 dxc4 15. Bxc4 c6 16. a4 Qxd1 17. Raxd1 Rad8 18. Rfe1 Nc5 19. Bd4 Bf8 20. Ng5 Be6 21. Nxe6 Nxe6 22.
Bxa7 Nc5 23. f4 Kg7 24. Bb6 Rd7 25.
g4 h6 26. Kg2 Rxd1 27. Rxd1 f6 28. Bxc5 Bxc5 29. e6 Re7 30. f5 gxf5 31. gxf5 h5 32. Kf3 h4 33. Kg4 Kh6 34. Kxh4 Rg7 35. Rf1 Be3 36. Be2 Rg2 0-1

[Event "Late-Titled-Tuesday-Blitz-August-29-2023"]
[Site "Chess.com"]
[Date "2023.08.29"]
[Round "1"]
[White "arenal72"]
[Black "Hoshka"]
[Result "1-0"]
[WhiteElo "2531"]
[BlackElo "1994"]
[TimeControl "180+1"]
[EndTime "14:07:07 PDT"]
[Termination "arenal72 won on time"]

1. e4 e5 2. Nc3 Nf6 3. f4 d5 4. fxe5 Nxe4 5. Qf3 Nc6 6. Bb5 Nxc3 7. dxc3 Qh4+ 8. g3 Qe4+ 9. Qxe4 dxe4 10. Bxc6+ bxc6 11. Be3 Bg4 12. h3 Bf5 13. O-O-O h5 14. Ne2 Be7 15. Nd4 Bd7 16. h4 O-O-O 17. Rhe1 Bg4 18. Rd2 Kb7 19. Nb3 Rd5 20. c4 Rxe5 21. Bd4 Rf5 22. Bxg7 Rd8 23. Rxd8 Bxd8 24. Rxe4 Rf1+ 25. Kd2 Rd1+ 26. Kc3 Rg1 27. Re3 Be6 28. Na5+ Kb6 29. b4 c5 30. a3 Be7 31. Nb3 cxb4+ 32. axb4 c5 33. b5 a6 34. bxa6 Kxa6 35. Be5 Kb6 36. Nd2 Kc6 37. Ne4 1-0

[Event "Late-Titled-Tuesday-Blitz-August-29-2023"]
[Site "Chess.com"]
[Date "2023.08.29"]
[Round "1"]
[White "frederiksvane"]
[Black "pedromartinez91"]
[Result "1-0"]
[WhiteElo "2944"]
[BlackElo "2495"]
[TimeControl "180+1"]
[EndTime "14:07:09 PDT"]
[Termination "frederiksvane won by resignation"]

1. c4 e5 2. g3 Nf6 3. Bg2 d5 4. cxd5 Nxd5 5. Nc3 Nf6 6. d3 h6 7.
Nf3 Nc6 8. O-O Bc5 9. Na4 Bd6 10.
Be3 O-O 11. Rc1 Re8 12. a3 Ne7 13. b4 a5 14. Nc5 Ned5 15. Bd2 axb4 16. axb4 b6 17.
e4 Ne7 18. d4 Nc6 19. b5 Nxd4 20. Nxd4 Bxc5 21. Nc6 Qd3 22. Bc3 Qxd1 23. Rcxd1 Ra2 24. Nxe5 Bb7 25. Rde1 Rxe5 26. Bxe5 Ng4 27. Bxc7 Nxf2 28.
Rc1 Nd3+ 29. Rxc5 Nxc5 30. Bxb6 Bxe4 31. Bxe4 Nxe4 32. Bd4 Rd2 33. Ba1 Ng5 34. b6 Nh3+ 35. Kh1 Nf2+ 36. Kg2 Nd3+ 37. Kf3 Nc5 38. Rc1 Rd5 39. Ke3 f6 40. Bd4 Nb7 41. Rc8+ Kh7 42. Rc7 Nd6 43. Bxf6 Nf5+ 44. Kf4 Rb5 45. Be5 Kg6 46.
Rc6+ Kf7 47. Kxf5 g6+ 1-0

[Event "Late-Titled-Tuesday-Blitz-August-29-2023"]
[Site "Chess.com"]
[Date "2023.08.29"]
[Round "1"]
[White "cottage_cheese"]
[Black "HamedWafa4"]
[Result "0-1"]
[WhiteElo "2268"]
[BlackElo "2581"]
[TimeControl "180+1"]
[EndTime "14:07:09 PDT"]
[Termination "HamedWafa4 won on time"]

1. e4 e5 2. Nf3 Nc6 3. Bb5 a6 4.
Ba4 Nf6 5. O-O Be7 6. Re1 b5 7. Bb3 O-O 8. a4 d5 9. exd5 Na5 10. Ba2 e4 11. Ne5 c5 12. dxc6 Qd4 13. Nd7 Bxd7 14.
cxd7 b4 15. c3 Qxd7 16. cxb4 Bxb4 17. Nc3 Rfe8 18. d4 exd3 19. Rxe8+ Rxe8 20. Bg5 Ng4 21. h3 Nxf2 22. Kxf2 Bc5+ 23. Kg3 Bd6+ 24. Kf2 Qf5+ 25. Qf3 Bc5+ 26. Kf1 Qxf3+ 27. gxf3 h6 28. Bd2 Nc6 29.
Re1 Rb8 30. Bc4 Na5 31. Bxd3 Rd8 32. Ne4 Nb3 33. Nxc5 Nxc5 34. Bxa6 Rxd2 35. Bb5 Rxb2 36. Ra1 g5 37. Bc6 Rb6 38. Bb5 Kg7 39. Rc1 Ne6 40.
Rc6 Rb8 41. Kf2 Nd4 42. Rc5 Ne6 43. Rc3 Rd8 44. Ra3 Nd4 45. a5 Nxb5 0-1

[Event "Late-Titled-Tuesday-Blitz-August-29-2023"]
[Site "Chess.com"]
[Date "2023.08.29"]
[Round "1"]
[White "Matibar"]
[Black "b_6"]
[Result "1-0"]
[WhiteElo "2844"]
[BlackElo "2449"]
[TimeControl "180+1"]
[EndTime "14:07:12 PDT"]
[Termination "Matibar won by resignation"]

1. e4 c5 2. Nf3 e6 3. d4 cxd4 4. Nxd4 Nf6 5. Nc3 Nc6 6. Nb3 Bb4 7. Bd3 d5 8. exd5 Nxd5 9. Bd2 Nxc3 10. bxc3 Be7 11.
O-O O-O 12. Re1 b6 13. Qh5 g6 14. Qh6 Bf6 15. Rad1 Bb7 16. Be4 Bg7 17. Qh3 Qc7 18.
Bh6 Rad8 19. Bg5 Rxd1 20. Rxd1 Re8 21. Qg3 Qxg3 22. hxg3 f6 23. Rd7 Rb8 24. Bf4 e5 25. Be3 Na5 26. Bxb7 Rxb7 27. Rd8+ Kf7 28. Kf1 Nc4 29. Ke2 f5 30. Nd2 Nxd2 31. Kxd2 Bf6 32. Ra8 Rd7+ 33. Ke2 Rc7 34. Bd2 e4 35. f3 Re7 36.
fxe4 Rxe4+ 37. Kd3 Re7 38. Bf4 Ke6 39. c4 Be5 40. c3 Rd7+ 41. Kc2 Rc7 42. Re8+ 1-0

[Event "Late-Titled-Tuesday-Blitz-August-29-2023"]
[Site "Chess.com"]
[Date "2023.08.29"]
[Round "1"]
[White "TanitoluwaAps116"]
[Black "viktorgen2021"]
[Result "1-0"]
[WhiteElo "2783"]
[BlackElo "2438"]
[TimeControl "180+1"]
[EndTime "14:07:12 PDT"]
[Termination "TanitoluwaAps116 won by checkmate"]

1. e4 g6 2. d4 Bg7 3. Nc3 d6 4. Be3 c6 5. Nf3 Nf6 6. h3 Nbd7 7. Bd3 e5 8. O-O O-O 9. Qd2 b5 10. Rad1 Qe7 11. Rfe1 Bb7 12. Bh6 Rad8 13. Bxg7 Kxg7 14. Qg5 h6 15. Qh4 Nb6 16. Ne2 a6 17. c3 a5 18.
g4 b4 19. Ng3 Na4 20. g5 hxg5 21. Qxg5 Kh8 22. Qh4+ Kg7 23. Kh1 Rh8 24. Nf5+ gxf5 25. Rg1+ Ng4 26. Qxe7 Rxh3+ 27. Kg2 Rdh8 28. Qxb7 Nxb2 29.
Be2 bxc3 30. Rh1 Nxd1 31. Rxh3 Rxh3 32. Kxh3 Ngxf2+ 33. Kg2 c2 34. Ng5 c1=Q 35. Qxf7+ Kh6 36. Qh5+ Kg7 37. Qf7+ Kh6 38. Qf6# 1-0

[Event "Late-Titled-Tuesday-Blitz-August-29-2023"]
[Site "Chess.com"]
[Date "2023.08.29"]
[Round "1"]
[White "Cipy77"]
[Black "larsmandreassen"]
[Result "1-0"]
[WhiteElo "2566"]
[BlackElo "2242"]
[TimeControl "180+1"]
[EndTime "14:07:12 PDT"]
[Termination "Cipy77 won by checkmate"]

1. Nf3 d5 2. c4 e6 3. e3 Nf6 4.
Nc3 Be7 5. b3 O-O 6. Bb2 b6 7.
d4 Bb7 8. Bd3 c5 9. cxd5 Nxd5 10.
O-O Nc6 11. Nxd5 Qxd5 12. e4 Qh5 13. Be2 Qh6 14. Rc1 Rad8 15. Bb5 Nxd4 16. Nxd4 cxd4 17.
e5 Qg5 18. Bc6 Bxc6 19. Rxc6 Qxe5 20. Qd3 Rd7 21. Rfc1 Rfd8 22. g3 Qd5 23. Rc7 g6 24.
Rxd7 Rxd7 25. Rc8+ Kg7 26. h4 h5 27. Bc1 e5 28. Qd2 g5 29. hxg5 e4 30. g6 fxg6 31. Qh6+ Kf7 32. Qh7+ Ke6 33. Qxg6+ Bf6 34. Re8+ Re7 35.
Qg8+ Kd6 36. Ba3+ Kc6 37. Rc8+ Kb7 38. Qxd5+ Kxc8 39. Bxe7 e3 40. Bxf6 e2 41. Qc6+ Kb8 42. Be5# 1-0

[Event "Late-Titled-Tuesday-Blitz-August-29-2023"]
[Site "Chess.com"]
[Date "2023.08.29"]
[Round "1"]
[White "artin10862"]
[Black "schack_vit"]
[Result "1-0"]
[WhiteElo "2830"]
[BlackElo "2446"]
[TimeControl "180+1"]
[EndTime "14:07:13 PDT"]
[Termination "artin10862 won by resignation"]

1. e4 c5 2. Nf3 d6 3. d4 cxd4 4. Nxd4 Nf6 5. Nc3 g6 6. Be3 Bg7 7. Qd2 Ng4 8. Bg5 h6 9. Bh4 Nc6 10. Nb3 O-O 11. f3 Nf6 12. O-O-O a5 13. a4 Be6 14.
Bb5 Bxb3 15. cxb3 Rc8 16. Kb1 Kh7 17. Bf2 Nd7 18. h4 Nc5 19. Bxc5 dxc5 20. Bxc6 Qxd2 21. Rxd2 Rxc6 22. Rd7 b6 23. Rxe7 Rd6 24. Nd5 Kg8 25. Rb7 f5 26. Rxb6 Rxb6 27. Nxb6 fxe4 28. fxe4 Rf2 29.
Nc4 Rxg2 30. e5 Re2 31. Nxa5 Bxe5 32. Nc4 Bd4 33. a5 Re6 34. Rf1 g5 35. hxg5 hxg5 36. Rf5 Rg6 37. Ne5 Bxe5 38. Rxe5 g4 39. Rxc5 g3 40. Rc1 g2 41. Rg1 Kf7 42. b4 Ke7 43. a6 Rxa6 44. Rxg2 Rb6 45. Rg4 Kf6 46.
Kc2 Kf5 47. Rh4 Ke5 48. Rc4 Kd5 49. Rc5+ Kd6 50. Kb3 Rb8 51. Rc3 Rd8 52. b5 Rb8 53.
Kb4 Kd5 54. Rd3+ Ke6 55. Ka5 1-0

[Event "Late-Titled-Tuesday-Blitz-August-29-2023"]
[Site "Chess.com"]
[Date "2023.08.29"]
[Round "1"]
[White "TigrVShlyape"]
[Black "newyorkmouse"]
[Result "0-1"]
[WhiteElo "2872"]
[BlackElo "2489"]
[TimeControl "180+1"]
[EndTime "14:07:14 PDT"]
[Termination "newyorkmouse won on time"]

1. e4 g6 2. Bc4 Bg7 3. Nc3 d6 4. d3 Nc6 5. a3 Nf6 6. f4 Nd4 7. Nf3 Bg4 8. Be3 Nxf3+ 9. gxf3 Bh3 10. Rg1 c6 11. d4 d5 12. Be2 O-O 13. Qd2 b5 14. f5 dxe4 15. fxe4 a5 16. e5 Nd5 17.
fxg6 hxg6 18. Bh6 Nxc3 19. bxc3 b4 20. Bxg7 Kxg7 21. axb4 axb4 22. Rxa8 Qxa8 23. cxb4 Rh8 24. Kf2 Bf5 25. Qf4 Bxc2 26. Bc4 Qa3 27. Qxf7+ Kh6 28. Qxe7 Qc3 29. Qg5+ Kg7 30. Qf6+ Kh7 31. Qh4+ Kg7 32. Qf6+ Kh7 33. Qe7+ Kh6 34. Rg4 Qd2+ 0-1

[Event "Late-Titled-Tuesday-Blitz-August-29-2023"]
[Site "Chess.com"]
[Date "2023.08.29"]
[Round "1"]
[White "TC2304"]
[Black "IlanSchnaider"]
[Result "0-1"]
[WhiteElo "2401"]
[BlackElo "2695"]
[TimeControl "180+1"]
[EndTime "14:07:15 PDT"]
[Termination "IlanSchnaider won on time"]

1. c4 Nf6 2. g3 g6 3. Bg2 Bg7 4. Nc3 O-O 5. e4 e5 6. Nge2 Nc6 7. O-O Re8 8. d3 d6 9. Rb1 a5 10. a3 Nd7 11. b4 axb4 12. axb4 Nf8 13. Nd5 Ne6 14. Be3 Ncd4 15. Nxd4 exd4 16. Bd2 c6 17. Nf4 Ra2 18. b5 Bd7 19. bxc6 bxc6 20. Nxe6 fxe6 21. Ra1 Qa8 22. h4 Rb8 23. Rxa2 Qxa2 24. h5 gxh5 25. Bg5 h6 26. Bh4 Be8 27. Bh3 Bf7 28. Be7 d5 29.
cxd5 exd5 30. Bd6 Re8 31. Bf5 dxe4 32. Bxe4 Qe6 33. Bf4 c5 34. Qc1 c4 35. Qa3 c3 36. Qa4 h4 37. Kg2 Bg6 38. Bc6 Rc8 39. Bd7 Qd5+ 40. Kg1 h3 41. f3 Ra8 42. Qc6 Qxc6 43. Bxc6 Rc8 44. Bd5+ Kh7 45. Be4 h5 46. Rc1 Bh6 47. Kh2 h4 48. Bxh6 hxg3+ 49. Kxg3 Kxh6 50. Kxh3 Bxe4 51. fxe4 Kg5 52. Kg3 Rb8 53. Kf3 Rb2 54.
Rg1+ Kf6 55. Rc1 Rd2 56. Kf4 Rxd3 57. e5+ Ke6 58. Ke4 Rd2 0-1

[Event "Late-Titled-Tuesday-Blitz-August-29-2023"]
[Site "Chess.com"]
[Date "2023.08.29"]
[Round "1"]
[White "Ramosha"]
[Black "Petrakejzar96"]
[Result "1-0"]
[WhiteElo "2594"]
[BlackElo "2280"]
[TimeControl "180+1"]
[EndTime "14:07:15 PDT"]
[Termination "Ramosha won by resignation"]

1. d4 d5 2. Nc3 c6 3. e4 Nf6 4. f3 dxe4 5. fxe4 Bg4 6. Nf3 e6 7. Be2 Nbd7 8. h3 Bxf3 9. Bxf3 Bb4 10. O-O O-O 11. Ne2 e5 12. c3 Be7 13. Be3 Qc7 14. Qc2 Rad8 15. Bf2 Rfe8 16. Rad1 h6 17. g4 Nh7 18.
Bg2 Bf6 19. d5 Nb6 20. b3 cxd5 21. exd5 Ng5 22. Ng3 e4 23. Nxe4 Nxe4 24. Bxe4 Qxc3 25. Qxc3 Bxc3 26. Bf3 Be5 27. Kg2 Bd6 28. Rfe1 Kf8 29. a4 Nc8 30. Rxe8+ Rxe8 31. Rc1 a6 32. Rc4 g5 33. h4 Bf4 34. h5 Nd6 35. Rc7 Be3 36. Bg3 Bf4 37. Bf2 Re7 38. Rxe7 Kxe7 39. Bd4 f6 40.
Kf2 Be5 41. Bc5 Kd7 42. Ke3 Nf7 43. Ke4 Bd6 44. b4 Ne5 45. Be2 b6 46. Bxb6 Bxb4 47. Bd4 a5 48. Kf5 Bd6 49. Kxf6 Bf8 50. Bxe5 Ke8 51.
Bb5+ Kd8 52. Kg6 Ke7 53. Bg7 Kd6 54. Bxf8+ Ke5 55. Bxh6 Kf4 56. Bxg5+ Kxg4 57. Bd3 Kh3 1-0

[Event "Late-Titled-Tuesday-Blitz-August-29-2023"]
[Site "Chess.com"]
[Date "2023.08.29"]
[Round "1"]
[White "Jaka_Brilej"]
[Black "Anton_Demchenko"]
[Result "0-1"]
[WhiteElo "2493"]
[BlackElo "2933"]
[TimeControl "180+1"]
[EndTime "14:07:16 PDT"]
[Termination "Anton_Demchenko won by checkmate"]

1. d4 Nf6 2. Bg5 Nc6 3. Nf3 Ne4 4. h4 h6 5. Bf4 d5 6. Nbd2 Bf5 7. e3 e6 8. Nxe4 Bxe4 9. Bd3 Bb4+ 10. c3 Bxd3 11.
Qxd3 Bd6 12. Bxd6 cxd6 13. h5 Qb6 14. O-O-O O-O-O 15. Kb1 Kb8 16. Nd2 Rc8 17. Nb3 a5 18. Rc1 Rc7 19. Rc2 Rhc8 20. Rhc1 a4 21. Nd2 Na5 22.
e4 dxe4 23. Qxe4 Qb5 24. Qg4 Qd3 25. Qxg7 a3 26. Qg3 Qxg3 27. fxg3 axb2 28. Kxb2 Rg8 29.
Nf1 Nc4+ 30. Ka1 Rg5 31. Rf2 Rxh5 32. Nd2 Ne3 33. Ne4 Nc4 34. Nf6 Rg5 35. g4 d5 36.
Rcf1 Nd6 37. Rf3 b5 38. Rb1 Ka7 39. Rb4 Kb6 40. a4 Ra7 41. Kb2 Rxa4 42. Nd7+ Ka5 43. Rxa4+ bxa4 44. Ne5 f5 45. gxf5 Rxg2+ 46. Ka3 Nb5# 0-1

[Event "Late-Titled-Tuesday-Blitz-August-29-2023"]
[Site "Chess.com"]
[Date "2023.08.29"]
[Round "1"]
[White "XDPS"]
[Black "scandalgod"]
[Result "1-0"]
[WhiteElo "2872"]
[BlackElo "2465"]
[TimeControl "180+1"]
[EndTime "14:07:16 PDT"]
[Termination "XDPS won on time"]

1. d4 d5 2. Nf3 Nf6 3. Bf4 e6 4. e3 Bd6 5. Nbd2 O-O 6. c3 c5 7.
Bd3 Qc7 8. Bxd6 Qxd6 9. Ne5 b6 10.
f4 Bb7 11. Qf3 Nbd7 12. g4 Qe7 13. g5 Nxe5 14. fxe5 Ne4 15. h4 Kh8 16. Nxe4 dxe4 17. Bxe4 Bxe4 18. Qxe4 a5 19. O-O-O a4 20. a3 b5 21.
dxc5 Qxc5 22. Rd4 Rac8 23. h5 Qe7 24. Rg1 Rc5 25. Kb1 Qc7 26. Rd6 Rc8 27. g6 Qe7 28.
Rgd1 fxg6 29. hxg6 Qg5 30. Rxe6 hxg6 31. Rxg6 Qxe5 32.
Qh4+ Kg8 33. Rdg1 R5c7 34. Qd4 Re8 35. R1g3 Kh7 36. R6g5 Qxd4 37. exd4 Re2 38. Rxb5 Rf7 39. Rg1 Rff2 40. Rb7 Kh6 41. Rh1+ Kg6 42. d5 1-0

[Event "Late-Titled-Tuesday-Blitz-August-29-2023"]
[Site "Chess.com"]
[Date "2023.08.29"]
[Round "1"]
[White "DenizSeyhanoglu1"]
[Black "Rutricks"]
[Result "0-1"]
[WhiteElo "2312"]
[BlackElo "2615"]
[TimeControl "180+1"]
[EndTime "14:07:17 PDT"]
[Termination "Rutricks won by resignation"]

1. e4 g6 2. d4 Bg7 3. Nc3 c6 4. g3 d5 5. e5 f6 6. f4 Nh6 7.
Bg2 Bg4 8. Nge2 fxe5 9. dxe5 O-O 10. h3 Bxe2 11. Nxe2 Nf5 12. O-O Qb6+ 13. Kh2 Nd7 14. b3 e6 15. a4 a5 16. Ba3 Ne3 17. Qd4 Nxf1+ 18. Rxf1 Qxd4 19. Nxd4 Rfe8 20. g4 Bf8 21. Bxf8 Nxf8 22. Kg3 Re7 23. h4 Rae8 24. Bh3 Rf7 25. g5 Rfe7 26. Bg4 Nd7 27. Rh1 Nc5 28. Kf3 Rf8 29. Ke3 Rfe8 30. c3 Ne4 31. c4 Ng3 32. Rc1 Nf5+ 33. Bxf5 exf5 34. cxd5 cxd5 35. Rc5 b6 36.
Rxd5 Rc8 37. Nb5 Rc1 38. Rd6 Rb1 39. Nd4 Rb7 40. h5 gxh5 41. Nxf5 Rxb3+ 42. Ke4 Rb4+ 43. Kd5 Rxf4 44. Ke6 Rb8 45. Ne7+ Kg7 46. Rd7 Re8 47. Kd5 Rf7 48. Nf5+ Kf8 49. Rxf7+ Kxf7 50. Nd6+ Kf8 51. Nxe8 Kxe8 52. Ke4 Kf7 53. Kf5 Ke7 54. Ke4 Ke6 55. Kf4 h4 56. Kg4 Kxe5 57. Kxh4 Kf4 58. Kh5 Kg3 0-1

[Event "Late-Titled-Tuesday-Blitz-August-29-2023"]
[Site "Chess.com"]
[Date "2023.08.29"]
[Round "1"]
[White "gshwbedhkhd"]
[Black "HrvojeZagreb"]
[Result "1-0"]
[WhiteElo "2581"]
[BlackElo "2266"]
[TimeControl "180+1"]
[EndTime "14:07:17 PDT"]
[Termination "gshwbedhkhd won by resignation"]

1. f4 d5 2. Nf3 g6 3. g3 Bg7 4. Bg2 Bg4 5. O-O Nh6 6. d3 d4 7. c3 c5 8. Qe1 Nc6 9. Na3 O-O 10. Bd2 e5 11. fxe5 Bxf3 12. Bxf3 Nxe5 13. Bg2 Nf5 14. Nc2 Qc7 15. Rc1 Rae8 16. Qd1 Ng4 17. cxd4 Nxd4 18. Re1 Qe5 19. e4 Qh5 20. h3 Nf6 21. Nxd4 cxd4 22. Bb4 Qxd1 23. Rexd1 Nh5 24. Bxf8 Bxf8 25. g4 Nf4 26. Bf1 Bd6 27. Rc4 Be5 28. Rdc1 a6 29. Rc8 Kf8 30. Rxe8+ Kxe8 31. Rc8+ Ke7 32.
Kf2 h5 33. gxh5 Nxh5 34. Ra8 Nf6 35. Ra7 Nd7 36. Rxb7 Kd6 37. Ra7 Nc5 38. Rxf7 g5 39. Rf5 Bf4 40. h4 Be3+ 41. Kg3 gxh4+ 42. Kxh4 Na4 43.
b3 Nc3 44. Ra5 Nd1 45. Rxa6+ Kc5 46. Kg4 Nf2+ 47. Kf5 Kb5 48. Ra8 Nh1 49. Bh3 Ng3+ 50. Ke6 Ne2 51. Bf5 Nc1 52. e5 Kb6 53. Kd5 Kc7 54.
e6 Kb7 55. e7 1-0

[Event "Late-Titled-Tuesday-Blitz-August-29-2023"]
[Site "Chess.com"]
[Date "2023.08.29"]
[Round "1"]
[White "Nf3c5"]
[Black "Veleamater"]
[Result "1-0"]
[WhiteElo "2602"]
[BlackElo "2301"]
[TimeControl "180+1"]
[EndTime "14:07:19 PDT"]
[Termination "Nf3c5 won by checkmate"]

1. e4 d6 2. d4 g6 3. c3 h6 4. Bd3 Bg7 5. Nf3 Nf6 6. O-O O-O 7. Re1 Nc6 8. h3 e5 9. dxe5 dxe5 10. Qc2 a6 11. Nbd2 Qe7 12. b4 Nh5 13. Nc4 Be6 14. Be3 Nf4 15. Bf1 g5 16. Bc5 Qf6 17. Bxf8 Bxf8 18.
Nh2 h5 19. Ne3 Kh7 20. Nf5 Bd6 21. g3 Bxf5 22. exf5 Nd5 23. Bg2 Nde7 24. Be4 Rg8 25. a4 Nd8 26. a5 c5 27. Qb3 cxb4 28. cxb4 Nec6 29. Nf3 Nxb4 30. g4 Ndc6 31. Red1 Nd4 32. Qc4 Nbc6 33. Bxc6 bxc6 34. Nxd4 exd4 35. Rxd4 Be5 36.
Rd7 Rg7 37. Rb1 Bf4 38. Rbb7 Kg8 39. Kg2 hxg4 40. hxg4 Qh6 41. Rxf7 Qh2+ 42. Kf1 Qh3+ 43. Ke1 Qh1+ 44. Ke2 Qd5 45. Rxg7+ Kf8 46. Qxd5 cxd5 47. Rh7 Kg8 48. Rhd7 Kf8 49. Rd8# 1-0

[Event "Late-Titled-Tuesday-Blitz-August-29-2023"]
[Site "Chess.com"]
[Date "2023.08.29"]
[Round "1"]
[White "Akhayan"]
[Black "chessS1r"]
[Result "0-1"]
[WhiteElo "2283"]
[BlackElo "2591"]
[TimeControl "180+1"]
[EndTime "14:07:19 PDT"]
[Termination "chessS1r won by checkmate"]

1. e4 c5 2. Nf3 e6 3. d4 cxd4 4. Nxd4 Nf6 5. Nc3 Nc6 6. Nxc6 bxc6 7. e5 Nd5 8. Ne4 Qc7 9. f4 Rb8 10. a3 c5 11. c4 Nb6 12. Bd3 Bb7 13. Qe2 Be7 14.
O-O O-O 15. Kh1 f5 16. exf6 Bxf6 17. Qh5 Bxe4 18. Bxe4 g6 19. Qg4 Nxc4 20. f5 Ne5 21. Qg3 exf5 22. Bd5+ Kh8 23. Bf4 d6 24. b4 cxb4 25.
axb4 Rxb4 26. Rac1 Qg7 27. Rfd1 g5 28. Bd2 f4 29.
Qa3 Rd4 30. Ba2 Nd3 31. Rf1 Nxc1 32. Bxc1 Be5 33. Bb2 Re4 34. Bb1 Bxb2 35. Qxd6 Ree8 36. Qd3 Bd4 37. h3 Be3 38. Rd1 Qf6 39. Qc2 Re7 40. Rf1 Qh6 41. Kh2 g4 42. Qd3 f3 43.
Kh1 fxg2+ 44. Kxg2 Qxh3# 0-1

[Event "Late-Titled-Tuesday-Blitz-August-29-2023"]
[Site "Chess.com"]
[Date "2023.08.29"]
[Round "1"]
[White "nassimzrikem"]
[Black "IamSchrodingersCat"]
[Result "0-1"]
[WhiteElo "2128"]
[BlackElo "2543"]
[TimeControl "180+1"]
[EndTime "14:07:21 PDT"]
[Termination "IamSchrodingersCat won by resignation"]

1. d4 Nf6 2. Nf3 g6 3. Bg5 Bg7 4. Nbd2 d5 5. c3 O-O 6. b4 a5 7. b5 b6 8. e3 Bb7 9. Bd3 Nbd7 10. O-O Re8 11. Bxf6 Bxf6 12. c4 e5 13. cxd5 Bxd5 14.
e4 Bb7 15. d5 Be7 16. a4 Nc5 17. Nb3 Nxb3 18. Qxb3 Bc5 19. Rac1 Qe7 20. Bc4 Kg7 21.
Ne1 Rf8 22. Nd3 Bd4 23. Qc2 h5 24. Bb3 Rac8 25. Kh1 Qh4 26. f4 exf4 27. Rxf4 Qg5 28. Rcf1 f6 29. Qc4 Be5 30. Nxe5 Qxe5 31. Qd3 Rcd8 32. Qg3 g5 33. R4f3 Qxg3 34. Rxg3 Rfe8 35. h4 g4 36. Re3 Re5 37. Rf5 Rxf5 38. exf5 Bxd5 39.
Bxd5 Rxd5 40. Re7+ Kg8 41. Rxc7 g3 42. Rc1 Rxf5 43. Kg1 Rf4 44. Rf1 Rxa4 45. Rxf6 Ra1+ 46. Rf1 Rxf1+ 47. Kxf1 Kf7 48. Ke2 Ke6 49. Kf3 a4 50.
Ke3 a3 51. Kd3 a2 0-1

[Event "Late-Titled-Tuesday-Blitz-August-29-2023"]
[Site "Chess.com"]
[Date "2023.08.29"]
[Round "1"]
[White "Malev212"]
[Black "diamonds13"]
[Result "1-0"]
[WhiteElo "2668"]
[BlackElo "2364"]
[TimeControl "180+1"]
[EndTime "14:07:22 PDT"]
[Termination "Malev212 won on time"]

1. e4 c5 2. Nf3 Nc6 3. Bb5 e6 4. Bxc6 bxc6 5. b3 d5 6. e5 Ne7 7. d3 Qc7 8. Bb2 Ng6 9. Nbd2 Be7 10. h4 h5 11. Qe2 Nf4 12. Qf1 d4 13. Nc4 Ba6 14.
Bc1 Nd5 15. Bd2 f6 16. Qe2 f5 17. Nd6+ Bxd6 18. exd6 Qxd6 19. Ne5 Nf6 20. f3 Nd5 21. O-O f4 22. Qe4 O-O-O 23. Nf7 Qc7 24. Qxe6+ Kb8 25. Nxh8 Rxh8 26. g3 Bc8 27. Qe4 fxg3 28. Rfe1 Qd7 29. Qe5+ Kb7 30. Qxg3 Rf8 31. Re4 Rf6 32. Rae1 Qf7 33.
Bg5 Rxf3 34. Qd6 Bd7 35. Re7 Nxe7 36. Qxd7+ Ka6 37. Qxe7 Rf1+ 38. Rxf1 Qxe7 39. Bxe7 1-0

[Event "Late-Titled-Tuesday-Blitz-August-29-2023"]
[Site "Chess.com"]
[Date "2023.08.29"]
[Round "1"]
[White "viktorskliarov"]
[Black "RIPOL"]
[Result "1-0"]
[WhiteElo "2711"]
[BlackElo "2416"]
[TimeControl "180+1"]
[EndTime "14:07:23 PDT"]
[Termination "viktorskliarov won on time"]

1. e4 Nf6 2. Nc3 d5 3. e5 Nfd7 4. Nxd5 Nxe5 5. Ne3 c5 6. b3 Nec6 7. Bb2 e5 8. Bc4 Be7 9. Nf3 Nd7 10. Nf5 O-O 11.
Nxe7+ Qxe7 12. d3 Nd4 13. O-O Qf6 14. Nxd4 exd4 15. f4 Nb6 16. Qf3 Nxc4 17. bxc4 Rb8 18.
Rae1 b5 19. cxb5 Rxb5 20. Bc1 Bb7 21. Qg3 h5 22. Re5 h4 23. Qg4 Bc8 24. Qg5 Qxg5 25. fxg5 Be6 26. a3 Rb1 27. Rxc5 Rfb8 28. h3 Ra1 29. Bf4 Rbb1 30. Rxb1 Rxb1+ 31. Kf2 Ra1 32. Be5 Rxa3 33. Bxd4 Ra2 34. Ke3 a5 35. Rc7 a4 36.
g6 fxg6 37. Rxg7+ Kf8 38. Rxg6 Bf7 39. Rc6 a3 40. Bf6 Be8 41. Rc7 Ba4 42. Bxh4 Rxc2 43.
Be7+ 1-0

[Event "Late-Titled-Tuesday-Blitz-August-29-2023"]
[Site "Chess.com"]
[Date "2023.08.29"]
[Round "1"]
[White "Sanan_Sjugirov"]
[Black "NelsonLinda"]
[Result "1-0"]
[WhiteElo "2852"]
[BlackElo "2454"]
[TimeControl "180+1"]
[EndTime "14:07:24 PDT"]
[Termination "Sanan_Sjugirov won on time"]

1. d4 Nf6 2. Nf3 g6 3. g3 Bg7 4. Bg2 O-O 5. O-O d6 6. c4 Nc6 7. Nc3 e5 8. h3 Nd7 9. e3 a5 10. b3 Re8 11. Bb2 exd4 12. exd4 Nf6 13. d5 Ne5 14. Nxe5 Rxe5 15. Qd2 Bd7 16. Rfe1 Rxe1+ 17. Rxe1 Qf8 18. g4 Re8 19. Bf3 Bh6 20. Qd1 Rxe1+ 21. Qxe1 Qe8 22. Qd1 Qe5 23. Kg2 b6 24. Ba1 Qf4 25.
Ne2 Qg5 26. Bc3 Nh5 27. Kf1 Nf4 28. Qd4 f6 29. Nxf4 Qxf4 30. Qxf4 Bxf4 31. Bxf6 b5 32. Bd8 b4 33. Bxc7 a4 34. Ke2 axb3 35. axb3 g5 36.
Ba5 1-0

[Event "Late-Titled-Tuesday-Blitz-August-29-2023"]
[Site "Chess.com"]
[Date "2023.08.29"]
[Round "1"]
[White "CarlosjPineror"]
[Black "dedpihto_v_kozhanom_palto"]
[Result "0-1"]
[WhiteElo "2400"]
[BlackElo "2696"]
[TimeControl "180+1"]
[EndTime "14:07:24 PDT"]
[Termination "dedpihto_v_kozhanom_palto won on time"]

1. d4 g6 2. Nf3 Bg7 3. Bf4 d6 4. e3 Nc6 5. h3 Nf6 6. Be2 O-O 7. O-O Nd7 8. Bh2 e5 9. c3 h6 10. Bc4 Kh7 11. Nbd2 f5 12. a4 e4 13. Ne1 Nf6 14. a5 Bd7 15. a6 b6 16. b4 Ne7 17. Qb3 d5 18. Be2 b5 19. Qd1 g5 20. Nb3 Ng6 21. Nc5 Bc8 22. f3 c6 23. Nc2 Qe7 24. f4 g4 25. hxg4 Nxg4 26. Bxg4 fxg4 27. g3 Bf5 28. Kf2 Bf6 29. Ke2 h5 30. Bg1 h4 31. Bf2 hxg3 32. Bxg3 Bh4 33. Rh1 Kg7 34. Qe1 Rh8 35. Qf2 Rh6 36. Rhg1 Rah8 37. Rg2 Bxg3 38. Rxg3 Rh2 39. Rg2 Rxg2 40. Qxg2 Nh4 41. Qg3 Nf3 42. Rg1 Nxg1+ 43. Qxg1 Qh4 44. Ne1 Qh2+ 45. Qg2 Qxg2+ 46. Nxg2 g3 0-1